 Dungeon Crawl Stone Soup version 0.23-a0-494-g91793a9df2 (webtiles) character file.

61 LLavrengius the Insei (level 4, -3/29 HPs)
             Began as an Octopode Transmuter on Dec 3, 2018.
             Slain by Grinder (5 damage)
             ... while paralysed by Grinder
             ... on level 3 of the Dungeon.
             The game lasted 00:06:57 (1817 turns).

LLavrengius the Insei (Octopode Transmuter)         Turns: 1817, Time: 00:06:57

Health: -3/29      AC: -2    Str:  9    XL:     4   Next: 7%
Magic:  7/7        EV:  2    Int: 16    God:
Gold:   145        SH:  0    Dex: 12    Spells: 1/7 levels left

rFire    . . .     SeeInvis .   h - +2 dagger (venom)
rCold    . . .     Gourm    .   d - +0 buckler
rNeg     . . .     Faith    .   (helmet restricted)
rPois    .         Spirit   .   f - amulet of magic regeneration
rElec    .         Reflect  .   e - ring of attention (curse)
rCorr    +         Harm     .   k - ring of resist corrosion
MR       .....                  n - -3 ring of protection (curse)
Stlth    ++........             (no ring)
HPRegen  0.09/turn              (no ring)
MPRegen  0.35/turn              (no ring)
                                (no ring)
                                (no ring)

@: paralysed
A: almost no armour, stealthy swim, amphibious, 8 rings, constrict 8, camouflage
1, gelatinous body 1
a: no special abilities


You were on level 3 of the Dungeon.
You were not hungry.

You visited 1 branch of the dungeon, and saw 3 of its levels.

You collected 145 gold pieces.

Inventory:

Hand Weapons
 b - a +3 spear
 h - a +2 dagger of venom (weapon)
Missiles
 a - 33 arrows
 g - 57 stones (quivered)
 i - 12 sling bullets
Armour
 d - a +0 buckler (worn)
Jewellery
 e - a cursed ring of attention (left tentacle)
 f - an amulet of magic regeneration (around mantle)
 k - a ring of resist corrosion (right tentacle)
 n - a cursed -3 ring of protection (on tentacle)
Comestibles
 c - 2 rations


   Skills:
 + Level 2.1 Fighting
 + Level 0.8 Short Blades
 - Level 2.0 Dodging
 + Level 2.6 Stealth
 + Level 1.0 Shields
 - Level 3.0 Unarmed Combat
 - Level 2.0 Spellcasting
 - Level 2.5 Transmutations


You had one spell level left.
You knew the following spells:

 Your Spells              Type           Power        Failure   Level  Hunger
a - Beastly Appendage     Tmut           #.....       11%         1    #......
b - Sticks to Snakes      Tmut           #.......     16%         2    ###....
c - Spider Form           Tmut/Pois      #.........   47%         3    ###....

Your spell library contained the following spells:

 Spells                   Type           Power        Failure   Level  Hunger
 Ice Form                 Ice/Tmut       #.......     87%         4    #####..
 Blade Hands              Tmut           #.........   96%         5    ######.


Dungeon Overview and Level Annotations

Branches:
Dungeon (3/15)

Altars:
Ashenzari

Annotations:
D:3 Grinder


Innate Abilities, Weirdness & Mutations

You cannot wear most types of armour.
You are very stealthy in the water. (Stealth+)
You are amphibious.
You can wear up to eight rings at the same time.
You can use your tentacles to constrict eight enemies at once.
Your skin changes colour to match your surroundings (Stealth+).
Your rubbery body absorbs attacks. (AC +1, EV +1)


Message History

The hobgoblin is severely wounded.
You constrict the hobgoblin.
You kill the hobgoblin!
Your Shields skill increases to level 1!
Grinder gestures at you. Pain shoots through your body!
Found an emerald potion.
You hit Grinder. You grab Grinder.
Grinder is lightly wounded.
You constrict Grinder. Grinder gestures at you.
You suddenly lose the ability to move!
You lose your grip on Grinder.
Grinder hits you!
* * * LOW HITPOINT WARNING * * *
Grinder says, "FISH!"
Grinder drinks a potion.
Grinder seems to grow stronger.
Grinder hits you.
* * * LOW HITPOINT WARNING * * *
You writhe in agony.
You die...

#####........?........#
...........#.........
........#.#.#.........
.....(..#.#.#......?..
........#.#)#.........
..#.......#.#....####.
...................#
.##......)....#......
.!.....@.###.........
......5..............
###.......##.##......
..........##+# #.#..#
..........# ...
..........# #.
....#...### ........#


You could see Grinder.

Vanquished Creatures
  An adder (D:2)
  A worm (D:2)
  2 dart slugs
  3 leopard geckos
  3 giant cockroaches
  3 goblins
  8 hobgoblins
  5 kobolds
  5 bats
  4 frilled lizards
  4 rats
39 creatures vanquished.

Notes
Turn   | Place    | Note
-------+----------+-------------------------------------------
     0 | D:1      | LLavrengius the Octopode Transmuter began the quest for the
                  | Orb.
     0 | D:1      | Reached XP level 1. HP: 13/13 MP: 3/3
   165 | D:1      | Reached skill level 1 in Stealth
   250 | D:1      | Reached XP level 2. HP: 18/18 MP: 5/5
   254 | D:1      | Learned a level 2 spell: Sticks to Snakes
   842 | D:1      | Reached XP level 3. HP: 22/24 MP: 6/6
  1246 | D:2      | Found a faded altar of an unknown god.
  1460 | D:2      | Found a shattered altar of Ashenzari.
  1505 | D:2      | Reached XP level 4. HP: 17/29 MP: 7/7
  1639 | D:2      | Learned a level 3 spell: Spider Form
  1809 | D:3      | Noticed Grinder
  1811 | D:3      | Reached skill level 1 in Shields
  1814 | D:3      | Paralysed by Grinder for 5 turns
  1817 | D:3      | Slain by Grinder

Vault maps used:
D:1:      sevenhm_arrival_forest_fort_small_3
D:2:      ashenzari_altar_1, chequers_ecumenical_altar_simple
D:3:      first_ration, uniq_grinder, uniq_crazy_yiuf_cottage, uniq_ijyb

Skill      XL: |  1  2  3  4 |
---------------+-------------+-----
Stealth        | 1 2 |  2.6
Fighting       | 2 |  2.1
Shields        | 1 |  1.0
Short Blades   | |  0.8
Dodging        | |  2.0
Unarmed Combat | |  3.0
Spellcasting   | |  2.0
Transmutations | |  2.5

Action                   |  1- 3 |  4- 6 || total
-------------------------+-------+-------++-------
Melee: Spear             |    50 |       ||    50
       Constrict         |    14 |     3 ||    17
       Tentacles         |     6 |     1 ||     7
       Dagger            |    33 |     8 ||    41
       Punch             |     1 |       ||     1
  Use: Scroll            |     3 |       ||     3
 Stab: Sleeping          |     7 |       ||     7
  Eat: Chunk             |     2 |     1 ||     3
Armor: Skin              |     2 |       ||     2
Dodge: Dodged            |    37 |     5 ||    42
Block: Buckler           |     4 |       ||     4

Table legend:
 A = Non-vault XP
 B = Vault XP
 C = Vault XP percentage of total XP
 D = Non-vault monster count
 E = Vault monster count
 F = Vault count percentage of total count
                 A         B        C        D         E       F
            +---------+---------+-------+---------+---------+-------
      Total |      88 |       0 |   0.0 |      39 |       0 |   0.0
            +---------+---------+-------+---------+---------+-------
        D:1 |      39 |       0 |   0.0 |      20 |       0 |   0.0
        D:2 |      46 |       0 |   0.0 |      17 |       0 |   0.0
        D:3 |       3 |       0 |   0.0 |       2 |       0 |   0.0
            +---------+---------+-------+---------+---------+-------
